AoeStats
← Goku_San

Black Forest

510046610Analyzed
4v4 RM · 3d ago on Sep 29, 2026· 43m 54s· 8 players
Game mode
Random Map
Map size
Large (8 player)
Population
200
Speed
Normal
Resources
Standard
Victory
Conquest
Starting age
Dark Age
Ending age
Imperial Age
RankedLock teamsTeams togetherTeam positionsShared explorationLock speedFull tech treeHidden civsTurbo modeCheats
Victory
Defeat
🇨🇦 Persians · Canada
1280
+15
🇮🇱 Vietnamese · Israel
1277
+16
🇺🇸 Teutons · United States
1252
+17
🇨🇴 Turks · Colombia
1234
+17
🇮🇩 Romans · Indonesia
1340
-19
🇲🇾 Britons · Malaysia
1304
-18
🇮🇩 Lithuanians · Indonesia
1217
-14
🇦🇷 Saxons · Argentina
1203
-14
dedw1ng
10:52 Feudal Age
12:04 Double-Bit Axe
17:32 Castle Age
15:25 Horse Collar
19:19 Bow Saw
19:10 Heavy Plow
22:36 Loom
24:36 Wheelbarrow
23:53 Fishing Lines
25:30 Stone Mining
26:51 Hand Cart
29:18 Imperial Age
27:52 Stone Shaft Mining
27:08 Gold Mining
27:31 Bloodlines
27:22 Husbandry
27:18 Gillnets
29:04 Gold Shaft Mining
29:17 Scale Barding Armor
30:31 Chain Barding Armor
31:16 Forging
31:42 Conscription
30:42 Elite War Elephant
30:49 Light Cavalry
32:37 Plate Barding Armor
31:44 Hussar
33:07 Iron Casting
36:41 Chemistry
39:26 Caravan
40:50 Blast Furnace
42:28 Two-Man Saw
43:13 Padded Archer Armor
43:55 Ballistics
43:28 Crossbowman
44:13 Thumb Ring
SantiGz
12:52 Feudal Age
13:37 Loom
13:39 Double-Bit Axe
15:00 Fletching
25:05 Castle Age
26:50 Bow Saw
35:35 Imperial Age
36:55 Fervor
38:14 Horse Collar
39:47 Theocracy
40:38 Sanctity
Goku_San
6:37 Loom
9:49 Feudal Age
10:19 Double-Bit Axe
14:39 Castle Age
12:58 Horse Collar
14:15 Gold Mining
14:15 Stone Mining
15:39 Bow Saw
15:33 Heavy Plow
24:32 Ballistics
26:34 Wheelbarrow
30:46 Imperial Age
28:32 Scale Barding Armor
28:38 Forging
28:59 Hand Cart
29:43 Chain Barding Armor
30:10 Stone Shaft Mining
30:50 Iron Casting
32:37 Chemistry
31:45 Siege Engineers
32:44 Two-Man Saw
32:17 Crop Rotation
32:29 Plate Barding Armor
32:07 Bloodlines
31:58 Husbandry
32:04 Elite Battle Elephant
32:49 Chatras
35:47 Pikeman
36:27 Squires
36:31 Scale Mail Armor
36:32 Halberdier
37:30 Chain Mail Armor
40:09 Plate Mail Armor
sbr
0:30 Loom
14:07 Feudal Age
18:47 Castle Age
18:53 Fishing Lines
19:22 Fletching
20:27 Bodkin Arrow
22:12 Double-Bit Axe
25:48 Gillnets
28:41 Wheelbarrow
30:48 Bow Saw
30:37 Gold Mining
32:07 Hand Cart
32:19 Fortified Wall
34:51 Imperial Age
32:27 Stone Mining
33:25 Town Watch
33:40 Pikeman
34:20 Squires
34:06 Arson
34:39 Scale Mail Armor
34:49 Forging
35:26 Ballistics
35:20 Masonry
35:11 Gambesons
36:38 Chemistry
36:25 Conscription
37:41 Two-Man Saw
36:54 Halberdier
39:19 Chain Mail Armor
39:36 Siege Engineers
42:05 Iron Casting
42:01 Plate Mail Armor
44:27 Blast Furnace
SPPG_Aruba
4:26 Loom
4:39 Loom
11:35 Feudal Age
16:06 Castle Age
14:10 Double-Bit Axe
14:27 Fishing Lines
17:08 Bow Saw
21:26 Wheelbarrow
21:44 Gold Mining
21:45 Stone Mining
22:42 Gillnets
22:53 Gillnets
23:57 Gold Shaft Mining
30:09 Imperial Age
28:53 Scale Barding Armor
28:59 Forging
29:59 Chain Barding Armor
29:41 Husbandry
30:00 Bloodlines
31:13 Conscription
32:06 Comitatenses
31:30 Elite Centurion
33:10 Caravan
33:47 Comitatenses
34:44 Plate Barding Armor
34:45 Iron Casting
37:40 Blast Furnace
41:50 Pikeman
42:31 Scale Mail Armor
42:56 Squires
42:47 Halberdier
44:13 Chain Mail Armor
pity.grillo26
0:51 Loom
11:59 Feudal Age
12:48 Double-Bit Axe
14:43 Fletching
16:46 Town Watch
20:18 Wheelbarrow
25:57 Horse Collar
29:25 Castle Age
28:44 Gold Mining
28:46 Stone Mining
30:06 Bodkin Arrow
30:44 Guard Tower
31:15 Ballistics
30:50 Fishing Lines
31:51 Treadmill Crane
33:01 Bow Saw
33:06 Caravan
35:56 Imperial Age
33:37 Heavy Plow
34:55 Gold Shaft Mining
35:56 Scale Mail Armor
36:06 Forging
37:09 Chain Mail Armor
37:38 Hand Cart
36:45 Elite Varangian Guard
38:13 Iron Casting
37:45 Gambesons
39:18 Chemistry
38:29 Squires
40:51 Plate Mail Armor
42:12 Conscription
Tintagel
1:24 Loom
11:26 Feudal Age
12:06 Double-Bit Axe
12:02 Horse Collar
19:09 Castle Age
17:02 Fletching
17:12 Padded Archer Armor
19:23 Crossbowman
23:47 Wheelbarrow
29:16 Town Watch
30:32 Bow Saw
30:54 Heavy Plow
31:59 Caravan
35:27 Imperial Age
33:27 Bodkin Arrow
33:47 Leather Archer Armor
35:01 Pikeman
36:32 Conscription
35:45 Halberdier
38:15 Squires
38:45 Scale Mail Armor
41:21 Chain Mail Armor
41:57 Forging
TempYuraa
11:10 Feudal Age
15:05 Castle Age
13:10 Double-Bit Axe
13:58 Fishing Lines
16:14 Bow Saw
18:24 Wheelbarrow
18:30 Stone Mining
18:31 Gold Mining
23:28 Horse Collar
25:32 Heavy Plow
26:57 Wheelbarrow
26:23 Loom
30:54 Imperial Age
28:39 Hand Cart
28:10 Town Watch
28:54 Forging
29:36 Scale Barding Armor
30:25 Iron Casting
29:41 Fletching
30:13 Scale Mail Armor
29:53 Treadmill Crane
30:35 Ballistics
30:36 Hill Forts
31:27 Chain Barding Armor
32:37 Conscription
32:21 Bodkin Arrow
33:28 Chemistry
33:43 Crop Rotation
34:14 Two-Man Saw
33:51 Plate Barding Armor
33:17 Bracer
33:51 Coinage
33:22 Caravan
34:04 Masonry
33:58 Tower Shields
34:27 Elite Leitis
36:09 Banking
37:12 Architecture
37:19 Hoardings
36:48 Pikeman
37:13 Arson
37:20 Halberdier
38:00 Squires
38:23 Scale Mail Armor
38:27 Husbandry
38:37 Bloodlines
39:43 Chain Mail Armor
41:50 Man-at-Arms
42:30 Cavalier
Connection lost

Rejoining the realm…

Still unreachable

The connection could not be restored.

Session expired

The server has moved on; the page needs a fresh start.